 Dungeon Crawl Stone Soup version 0.32-a0-918-g0f22ef8d61 (webtiles) character file.

Game seed: 14581666574428513004

1403 smashvw the Ruffian (level 8, 0/83 HPs)
             Began as a Troll Fighter on Apr 10, 2024.
             Was a Priest of Beogh.
             Slain by Boruk the orc apostle
             ... wielding a +2 long sword of electrocution
              (3 damage)
             ... on level 7 of the Dungeon.
             The game lasted 00:13:59 (4479 turns).

smashvw the Ruffian (Troll Fighter)                 Turns: 4479, Time: 00:14:00

Health: 0/83       AC:  4    Str: 31    XL:     8   Next: 42%
Magic:  7/7        EV: 13    Int:  6    God:    Beogh [***...]
Gold:   244        SH:  8    Dex:  9    Spells: 7/7 levels left

rFire   . .          .
                       - Unarmed
rCold   . . .        b - +0 kite shield
rNeg    . . .        a - +0 robe
rPois   .            (helmet restricted)
rElec   .            (no cloak)
rCorr   .            (gloves unavailable)
SInv    .            (boots unavailable)
Will    .....        (no amulet)
Stlth   +            e - +5 ring of evasion
HPRegen 1.13/turn    r - +6 ring of strength
MPRegen 0.10/turn

%: no passive effects
@: mighty
A: large, unfitting armour, claws 3, regeneration 1, shaggy fur 1, tough skin 1
a: Renounce Religion, Smiting


You were on level 7 of the Dungeon.
You worshipped Beogh.
Beogh was most pleased with you.
You visited 1 branch of the dungeon, and saw 7 of its levels.

You collected 244 gold pieces.

Inventory:

Armour
 a - a +0 robe (worn)
 b - a +0 kite shield (worn)
Jewellery
 e - a +5 ring of evasion (left claw)
 r - a +6 ring of strength (right claw)
 w - a ring of willpower
 x - an amulet of faith
 y - a ring of protection from fire
Wands
 q - a wand of flame (25)
Scrolls
 d - 6 scrolls of identify {unknown}
 f - 2 scrolls of revelation {unknown}
 g - 5 scrolls of teleportation {unknown}
 i - a scroll of fog {unknown}
 j - 4 scrolls of immolation {unknown}
 l - a scroll of fear {unknown}
 p - a scroll of vulnerability {unknown}
 s - a scroll of poison {unknown}
 u - 2 scrolls of enchant weapon {unknown}
 v - a scroll of silence {unknown}
Potions
 c - a potion of might
 h - a potion of haste {unknown}
 k - 4 potions of resistance {unknown}
 m - a potion of ambrosia {unknown}
 n - a potion of heal wounds {unknown}
 o - 3 potions of attraction {unknown}
 t - 3 potions of curing {unknown}
 z - a potion of berserk rage {unknown}


   Skills:
 + Level 5.6 Fighting
 - Level 2.4 Dodging
 + Level 6.0 Shields
 + Level 6.2 Unarmed Combat


You had 7 spell levels left.
You didn't know any spells.
Your spell library contained the following spells:

 Spells                   Type           Power      Damage    Failure   Level
 Magic Dart               Conj           0%         1d3       65%         1
 Blink                    Tloc           0%         N/A       78%         2
 Call Imp                 Summ           0%         N/A       78%         2
 Cigotuvi's Dreadful Rot  Necr/Alch/Air  0%         N/A       78%         2
 Cause Fear               Hex            0%         N/A       100%        4
 Dispel Undead            Necr           0%         3d6       100%        4
 Martyr's Knell           Necr/Summ      0%         N/A       100%        4
 Fireball                 Conj/Fire      0%         3d3       100%        5
 Dragon's Call            Summ           0%         N/A       100%        9


Dungeon Overview and Level Annotations

Branches:
Dungeon (7/15)             Temple (0/1) D:6

Altars:
Gozag
Hepliaklqana
Okawaru
Sif Muna
Xom
The Shining One

Shops:
D:6 (

Annotations:
D:6 2 runed translucent doors, DimondSprtn's ghost, novice CoHu


Innate Abilities, Weirdness & Mutations

Your facial features look somewhat orcish.
You are too large for most types of armour.
You have claws for hands.
Your natural rate of healing is unusually fast.
You are covered in fur. (AC +1)
You have tough skin. (AC +1)


Message History

Boruk is severely wounded.
You block Boruk's attack. Boruk blocks your attack.
Boruk is severely wounded.
You block the orc's attack.
Boruk hits you with a +2 long sword of electrocution!
You are electrocuted!
Boruk blocks your attack.
Boruk is severely wounded.
The orc hits you with a +0 club. Boruk hits you but does no damage.
You scratch Boruk but do no damage.
Boruk is severely wounded.
You block the orc's attack. You block Boruk's attack. Boruk blocks your attack.
Boruk is severely wounded.
The orc hits you with a +0 club. You block Boruk's attack.
Boruk blocks your attack.
Boruk is severely wounded.
The orc barely misses you. You block Boruk's attack.
You claw Boruk!
Boruk is severely wounded.
The orc hits you with a +0 club.
Boruk hits you with a +2 long sword of electrocution!
Boruk blocks your attack.
Boruk is severely wounded.
The orc hits you with a +0 club.
* * * LOW HITPOINT WARNING * * *
Boruk hits you with a +2 long sword of electrocution!
* * * LOW HITPOINT WARNING * * *
Boruk blocks your attack.
Boruk is severely wounded.
The orc hits you with a +0 club.
* * * LOW HITPOINT WARNING * * *
Boruk hits you with a +2 long sword of electrocution!
* * * LOW HITPOINT WARNING * * *
You claw Boruk!
Boruk is almost dead.
The orc hits you but does no damage.
Boruk hits you with a +2 long sword of electrocution.
You die...

#...###..#####.#
.....##..).....#
........###.####
.#.###### #<#
#†# #.# #†#
#.##### #.o@o.#
##<.......#
#...#.###.#
.......#
###...#.#
##....# ##..##
#..#


You could see Boruk the orc apostle (divinely empowered) and an orc.

Vanquished Creatures
  A black bear (D:6)
  An ogre (D:6)
  A kobold brigand (D:6)
  4 scorpions
  A bullfrog (D:5)
  3 howler monkeys (D:7)
  3 orc priests
  3 hounds
  3 iguanas
  5 orc wizards
  7 gnolls
  5 adders
  11 river rats (D:6)
  3 shadow imps
  2 ufetubi (D:6)
  3 dart slugs
  26 orcs
  5 ball pythons
  6 bats
  3 endoplasms (D:2)
  2 giant cockroaches (D:1)
  10 goblins
  11 hobgoblins
  15 kobolds
  11 quokkas
  5 frilled lizards
  19 rats
169 creatures vanquished.

Vanquished Creatures (others)
  An orc priest (D:7)
  An orc (D:6)
2 creatures vanquished.

Grand Total: 171 creatures vanquished

Notes
Turn   | Place    | Note
-------+----------+-------------------------------------------
     0 | D:1      | smashvw the Troll Fighter began the quest for the Orb.
     0 | D:1      | Reached XP level 1. HP: 22/22 MP: 0/0
    86 | D:1      | Reached XP level 2. HP: 29/29 MP: 1/1
   118 | D:1      | Found a faded altar of an unknown god.
   361 | D:1      | Reached XP level 3. HP: 36/36 MP: 2/2
  1182 | D:3      | Reached XP level 4. HP: 45/45 MP: 3/3
  1516 | D:3      | Reached XP level 5. HP: 53/53 MP: 4/4
  1598 | D:4      | Became a worshipper of Beogh the Shepherd
  1763 | D:4      | Found a glowing golden altar of the Shining One.
  1784 | D:4      | Found a shimmering altar of Xom.
  1786 | D:4      | Found an iron altar of Okawaru.
  1819 | D:4      | Found a shimmering blue altar of Sif Muna.
  2208 | D:5      | Entered Level 5 of the Dungeon
  2319 | D:5      | Reached XP level 6. HP: 62/62 MP: 5/5
  2454 | D:5      | Found an opulent altar of Gozag.
  3000 | D:6      | Found a large runed translucent door.
  3000 | D:6      | Found a large runed translucent door.
  3000 | D:6      | Found Uxankur's Weapon Shoppe.
  3002 | D:6      | Noticed DimondSprtn's ghost (novice CoHu)
  3026 | D:6      | Reached XP level 7. HP: 66/71 MP: 6/6
  3066 | D:6      | Reached * piety under Beogh
  3138 | D:6      | Reached skill level 5 in Shields
  3138 | D:6      | Reached skill level 5 in Unarmed Combat
  3190 | D:6      | Reached skill level 5 in Fighting
  3233 | D:6      | Found a staircase to the Ecumenical Temple.
  3401 | D:6      | Reached XP level 8. HP: 63/80 MP: 7/7
  3409 | D:6      | Reached ** piety under Beogh
  4416 | D:7      | Found a hazy altar of Hepliaklqana.
  4439 | D:7      | Reached *** piety under Beogh
  4459 | D:7      | Noticed Boruk
  4478 | D:7      | HP: 2/83 [Boruk the orc apostle/+2 long sword of
                  | electrocution (10)]
  4479 | D:7      | Slain by Boruk the orc apostle

Illustrated notes

Levels and vault maps discovered:
D:1:      evilmike_arrival_plus, layout_loops_ring,
          shapermc_ecumenical_altar_starsandcircs, st_stairs_6
D:2:      layout_rooms, minmay_crystal_room
D:3:      layout_rooms, chequers_mini_garden
D:4:      minmay_evil_eye, layout_basic, hellmonk_sif_muna_bookshelves,
          grunt_temple_overflow_open
D:5:      layout_layer_cave, grunt_gozag_statues
D:6:      lemuel_ratsnest, layout_cave_pools, minmay_temple_entry_statues,
          ebering_ghost_disaster_area, serial_shops, shop
D:7:      layout_loops_corners, nicolae_elyvilon_temple_path, kennysheep_mini

Skill      XL: |  1  2  3  4  5  6  7  8 |
---------------+-------------------------+-----
Shields        | 3 4 5 6 |  6.0
Fighting       | 3 4 5 |  5.6
Unarmed Combat | 3 4 5 6 |  6.2
Dodging        | |  2.4

Action                     |  1- 3 |  4- 6 |  7- 9 || total
---------------------------+-------+-------+-------++-------
  Melee: Unarmed           |   107 |   156 |   242 ||   505
 Invoke: Convert to Beogh  |       |     1 |       ||     1
    Use: Potion            |       |       |     2 ||     2
 Armour: Robe              |    35 |    87 |   143 ||   265
  Dodge: Dodged            |    44 |    84 |   167 ||   295
  Block: Kite shield       |    37 |    73 |   140 ||   250

Table legend: (Time is in decaauts)
 A = Elapsed time spent in this place.
 B = Non-inter-level travel time spent in this place.
 C = Inter-level travel time spent in this place.
 D = Time resting spent in this place.
 E = Time spent auto-exploring this place.
 F = Levels seen in this place.
 G = Mean time per level.
                   A        B        C        D        E       F      G
               +--------+--------+--------+--------+--------+-----+--------+
         Total |   4486 |   4385 |    101 |     28 |   3416 |   7 |  640.9 |
       Dungeon |   4486 |   4385 |    101 |     28 |   3416 |   7 |  640.9 |
               +--------+--------+--------+--------+--------+-----+--------+

Top non-repeatable levels by time:
     D:6: 943 daAuts
     D:5: 797 daAuts
     D:1: 648 daAuts
     D:4: 617 daAuts
     D:7: 526 daAuts
     D:3: 504 daAuts
     D:2: 449 daAuts
